 Dungeon Sprint DCSS version 0.22.1-1-ga44c0e56f4 (webtiles) character file.

11403 MuseOD the Imperceptible (level 11, -6/63 HPs)
             Began as a Spriggan Enchanter on Sept 21, 2018.
             Was the Champion of Dithmenos.
             Mangled by a golden dragon (8 damage)
             ... in the Dungeon (Sprint II: "The Violet Keep of Menkaure").
             The game lasted 00:12:35 (1888 turns).

MuseOD the Imperceptible (Spriggan Enchanter)       Turns: 1888, Time: 00:12:36

Health: -6/63      AC:  6    Str:  7    XL:     11   Next: 48%
Magic:  3/25       EV: 31    Int: 22    God:    Dithmenos [******]
Gold:   713        SH:  0    Dex: 16    Spells: 22/34 levels left

rFire    + . .     SeeInvis +   i - +2 short sword
rCold    . . .     Gourm    .   (shield restricted)
rNeg     + . .     Faith    .   b - +0 robe
rPois    +         Spirit   .   (helmet restricted)
rElec    .         Reflect  .   j - +2 ratskin cloak {+Rats rPois rN+ Str-1 Int-1 Dex+1}
rCorr    .         Harm     .   (gloves unavailable)
MR       +....     NoTele   +   (boots unavailable)
Stlth    ++++++++++             (no amulet)
HPRegen  0.20/turn              k - ring "Taen" {rF+ Str+4 Int+3 Stlth+}
MPRegen  0.19/turn              (no ring)

@: wreathed by umbra, very quick
A: very small, unfitting armour, hooves 1, thin metallic scales 1, see
invisible, clumsy 1, deformed body, herbivore, speed 3, low mp 1, slow
metabolism 2
a: Shadow Step, Shadow Form, Renounce Religion, Evoke Ratskin


You were in the Dungeon.
You worshipped Dithmenos.
Dithmenos was exalted by your worship.
You were not hungry.

You visited 1 branch You collected 1676 gold pieces.
You spent 963 gold pieces at shops.

Inventory:

Hand Weapons
 a - a +1 dagger
 i - a +2 short sword (weapon)
Armour
 b - a +0 robe (worn)
 j - the +2 ratskin cloak (worn) {+Rats rPois rN+ Str-1 Int-1 Dex+1}
   (You bought it in a shop in the Dungeon)

   It affects your strength (-1).
   It affects your intelligence (-1).
   It affects your dexterity (+1).
   It protects you from poison.
   It protects you from negative energy.
Jewellery
 k - the ring "Taen" (left hand) {rF+ Str+4 Int+3 Stlth+}
   (You bought it in a shop in the Dungeon)

   [ring of intelligence]

   It affects your strength (+4).
   It affects your intelligence (+3).
   It protects you from fire.
   It makes you more stealthy.
 v - an uncursed amulet of the acrobat {unknown}
Scrolls
 c - 2 scrolls of fog {unknown}
 f - 4 scrolls of identify {unknown}
 n - a scroll of amnesia {unknown}
 o - 3 scrolls of remove curse {unknown}
 p - a scroll of magic mapping {unknown}
 s - 3 scrolls of immolation {unknown}
 u - a scroll of fear {unknown}
 w - a scroll of enchant armour {unknown}
Potions
 e - a potion of curing
 g - a potion of haste
 h - 4 potions of magic
 l - 6 potions of flight {unknown}
 q - a potion of ambrosia {unknown}
 r - a potion of degeneration {unknown}
 t - 3 potions of resistance {unknown}
 x - a potion of invisibility {unknown}
Comestibles
 d - 2 rations


   Skills:
 + Level 9.9 Fighting
 + Level 13.3 Short Blades
 + Level 14.9 Dodging
 + Level 21.6 Stealth
 - Level 12.3 Spellcasting
 - Level 12.5 Hexes


You had 22 spell levels left.
You knew the following spells:

 Your Spells              Type           Power        Failure   Level  Hunger
a - Corona                Hex            ######.      1%          1    None
b - Ensorcelled Hibernat  Hex/Ice        #####.       1%          2    None
c - Confuse               Hex            ######..     1%          3    None
d - Tukima's Dance        Hex            ######..     1%          3    None
e - Dazzling Spray        Conj/Hex       #####.       1%          3    None

Your spell library contained the following spells:

 Spells                   Type           Power        Failure   Level  Hunger


Dungeon Overview and Level Annotations

Branches:
Dungeon (1/1)

Altars:
Cheibriados
Dithmenos
Elyvilon
Fedhas
Gozag
Hepliaklqana
Kikubaaqudgha
Makhleb
Nemelex Xobeh
Okawaru
Qazlal
Ru
Sif Muna
Trog
Uskayaw
Vehumet
Wu Jian
Xom
Yredelemnul
Zin
The Shining One
Beogh
Jiyva
Lugonu

Shops:
D %%!:?}%??:?(=![![[=*}=:}*(![

Annotations:
D exclusion: oklob plant


Innate Abilities, Weirdness & Mutations

You are very small and have problems with some larger weapons.
You are too small for most types of armour.
You have supernaturally acute eyesight. (SInv)
You are a herbivore.
You cover ground extremely quickly.
You need to consume almost no food.
You have large cloven feet.
You are partially covered in thin metallic scales. (AC +2)
You are clumsy. (Dex -2)
Armour fits poorly on your strangely shaped body.
Your magical capacity is low. (-10% MP)


Message History

Casting: Dazzling Spray (safe; 1% risk of failure)
Confirm with . or Enter, or press ? or * to list all spells.
Aiming: Dazzling Spray (safe; 1% risk of failure)
Press: ? - help, Shift-Dir - straight line, f - golden dragon
Aim: a golden dragon (moderately wounded, umbra)
The spray of energy hits the golden dragon.
The golden dragon is moderately wounded.
The tentacle misses you. The tentacle slaps you!!
* * * LOW HITPOINT WARNING * * *
You emit a cloud of dark smoke.
The tentacle closely misses you. The golden dragon barely misses you.
The golden dragon completely misses you.
The golden dragon misses you.
The kraken barely misses something.
Okay, then.
You feel better. The tentacle closely misses you.
The tentacle slaps you but does no damage.
The tentacle closely misses you. The golden dragon bites you.
* * * LOW HITPOINT WARNING * * *
The golden dragon closely misses you. The golden dragon tramples you!
You die...

.##.#[[▓)[.)[.[)▓▓
...####▓.[).[...▓▓
#..##.#▓.[[...).▓▓
+..#†.#▓().....(▓▓
#.^#).#▓)..[...(▓▓
#..##.#▓.).)(...▓▓
##^..##▓▓▓▓▓▓▓§▓▓▓▓+▓
.≈≈≈≈≈≈≈≈≈≈≈≈≈§D§§w≈▓
§≈#'########+###@§w≈▓
.≈#....._..#§§§##§wX▓
.≈#...._._.#§§≈≈ ###▓
≈≈#..._._._#§§t≈
≈≈#.._._._.#§≈t§
≈≈#._._._._#§§§≈
≈≈#_._._._.#§§§§§
≈§#._._._._#≈§≈
≈≈#_._._...#§≈≈


You could see a golden dragon and 3 tentacles.

Vanquished Creatures
  Kirke (D)
  A storm dragon (D)
  A cacodemon (D)
  A yaktaur captain (D)
  A great orb of eyes (D)
  A centaur warrior (D)
  A skeletal warrior (D)
  An elephant (D)
  A kobold demonologist (D)
  A yaktaur (D)
  5 polar bears (D)
  A hornet (D)
  2 tyrant leeches (D)
  3 slime creatures (D)
  4 hippogriffs (D)
  3 yaks (D)
  4 neqoxecs (D)
  Menkaure (D)
  3 soldier ants (D)
  A necrophage (D)
  A crocodile (D)
  A scorpion (D)
  An iron imp (D)
  4 worker ants (D)
44 creatures vanquished.

Vanquished Creatures (others)
  A hippogriff (D)
  5 tentacles (D)
6 creatures vanquished.

Grand Total: 50 creatures vanquished

Notes
Turn   | Place    | Note
-------+----------+-------------------------------------------
     0 | D        | MuseOD the Spriggan Enchanter began the quest for the Orb.
     0 | D        | Reached XP level 1. HP: 9/9 MP: 5/5
     1 | D        | Noticed a worker ant
     1 | D        | Noticed a worker ant
     1 | D        | Noticed a worker ant
     1 | D        | Noticed a worker ant
     8 | D        | Killed a worker ant
     8 | D        | Reached skill level 6 in Stealth
     8 | D        | Reached XP level 2. HP: 15/15 MP: 6/6
    12 | D        | Reached skill level 5 in Short Blades
    12 | D        | Reached skill level 7 in Stealth
    12 | D        | Reached XP level 3. HP: 19/19 MP: 8/8
    19 | D        | Reached XP level 4. HP: 24/24 MP: 9/9
    30 | D        | Reached skill level 8 in Stealth
    36 | D        | Learned a level 2 spell: Ensorcelled Hibernation
    40 | D        | Learned a level 3 spell: Confuse
    56 | D        | Noticed Menkaure
    57 | D        | Noticed an orange crystal statue
    60 | D        | Noticed a crocodile
    61 | D        | Killed Menkaure
    61 | D        | Reached skill level 10 in Stealth
    61 | D        | Reached skill level 5 in Spellcasting
    61 | D        | Reached XP level 5. HP: 22/28 MP: 10/14
    74 | D        | Found a blossoming altar of Fedhas.
    75 | D        | Found a white marble altar of Elyvilon.
    76 | D        | Found a shadowy altar of Dithmenos.
    76 | D        | Found a corrupted altar of Lugonu.
    76 | D        | Found an opulent altar of Gozag.
    76 | D        | Found a burning altar of Makhleb.
    77 | D        | Found a snail-covered altar of Cheibriados.
    77 | D        | Found an ancient bone altar of Kikubaaqudgha.
    77 | D        | Found a bloodstained altar of Trog.
    78 | D        | Found a roughly hewn altar of Beogh.
    78 | D        | Found a viscous altar of Jiyva.
    78 | D        | Found a deep blue altar of Sif Muna.
    79 | D        | Found a hazy altar of Hepliaklqana.
    79 | D        | Found a sacrificial altar of Ru.
    80 | D        | Found a shimmering altar of Xom.
    81 | D        | Found a stormy altar of Qazlal.
    81 | D        | Found an ornate altar of the Wu Jian Council.
    81 | D        | Found a sparkling altar of Nemelex Xobeh.
    81 | D        | Found a hide-covered altar of Uskayaw.
    81 | D        | Found a basalt altar of Yredelemnul.
    81 | D        | Found a glowing golden altar of the Shining One.
    82 | D        | Found a radiant altar of Vehumet.
    82 | D        | Found an iron altar of Okawaru.
    82 | D        | Found a glowing silver altar of Zin.
    84 | D        | Noticed a crocodile
    87 | D        | Became a worshipper of Dithmenos the Shadowed
    92 | D        | Learned a level 3 spell: Tukima's Dance
    96 | D        | Learned a level 3 spell: Dazzling Spray
   103 | D        | Noticed a polar bear
   104 | D        | Noticed a polar bear
   118 | D        | Killed a polar bear
   118 | D        | Reached skill level 11 in Stealth
   118 | D        | Reached XP level 6. HP: 16/32 MP: 10/17
   119 | D        | Killed a polar bear
   119 | D        | Reached skill level 13 in Stealth
   159 | D        | Noticed a yaktaur
   159 | D        | Noticed a hornet
   159 | D        | Noticed a polar bear
   159 | D        | Noticed a polar bear
   174 | D        | Killed a polar bear
   174 | D        | Reached * piety under Dithmenos
   174 | D        | Reached skill level 14 in Stealth
   174 | D        | Reached skill level 10 in Hexes
   174 | D        | Reached XP level 7. HP: 32/36 MP: 7/21
   178 | D        | Noticed a polar bear
   179 | D        | Killed a polar bear
   179 | D        | Reached skill level 10 in Spellcasting
   184 | D        | Killed a polar bear
   184 | D        | Reached skill level 15 in Stealth
   184 | D        | Reached XP level 8. HP: 36/40 MP: 20/23
   188 | D        | Paralysed by a hornet for 1 turns
   196 | D        | Killed a yaktaur
   196 | D        | Reached ** piety under Dithmenos
   199 | D        | Killed a hornet
   199 | D        | Reached skill level 16 in Stealth
   539 | D        | Noticed a hippogriff
   539 | D        | Noticed a hippogriff
   542 | D        | Killed a hippogriff
   545 | D        | Killed a hippogriff
   545 | D        | Reached *** piety under Dithmenos
   549 | D        | Noticed a tyrant leech
   549 | D        | Noticed a tyrant leech
   821 | D        | Killed a tyrant leech
   829 | D        | Killed a tyrant leech
   829 | D        | Reached skill level 17 in Stealth
   829 | D        | Reached XP level 9. HP: 45/45 MP: 13/26
   900 | D        | Reached skill level 5 in Dodging
   902 | D        | Reached **** piety under Dithmenos
   912 | D        | Reached skill level 5 in Fighting
   959 | D        | Found Zazayclu's Antique Armour Shop.
   960 | D        | Found Mevoeci's Gadget Shop.
   960 | D        | Found Kuvvajafo's Book Boutique.
   960 | D        | Found Zojaehes's Distillery.
   967 | D        | Found Fiho Qos's Armour Boutique.
   967 | D        | Found Vuitzyi's Antique Armour Shop.
   968 | D        | Found Saenoemi's Jewellery Shop.
   968 | D        | Found Cidek's Jewellery Boutique.
   968 | D        | Found Liokhlete's Jewellery Shop.
   968 | D        | Found Ilopsuffa's Antique Weapon Boutique.
   969 | D        | Found Vas Man's Distillery.
   969 | D        | Noticed a spiny frog
   971 | D        | Found Fumman's Magic Scroll Shop.
   979 | D        | Noticed an elephant
   979 | D        | Noticed a centaur warrior
   979 | D        | Noticed Kirke
   979 | D        | Noticed a yaktaur captain
   979 | D        | Noticed a skeletal warrior
   979 | D        | Noticed a kobold demonologist
   981 | D        | Killed a kobold demonologist
   981 | D        | Reached ***** piety under Dithmenos
   990 | D        | Killed a skeletal warrior
   990 | D        | Reached skill level 18 in Stealth
   992 | D        | Noticed a lindwurm
  1126 | D        | Killed a centaur warrior
  1126 | D        | Reached XP level 10. HP: 45/53 MP: 19/27
  1145 | D        | Reached skill level 10 in Short Blades
  1145 | D        | Reached skill level 10 in Dodging
  1155 | D        | Killed Kirke
  1155 | D        | Reached skill level 19 in Stealth
  1164 | D        | Killed a yaktaur captain
  1164 | D        | Reached skill level 20 in Stealth
  1170 | D        | Gained mutation: You are weak. (Str -2) [mutagenic glow]
  1193 | D        | Noticed a fire dragon
  1208 | D        | Killed an elephant
  1213 | D        | Found Fysh's Magic Scroll Boutique.
  1213 | D        | Found Vourag's Food Shop.
  1213 | D        | Noticed a spiny frog
  1213 | D        | Noticed an oklob plant
  1214 | D        | Found Aweoffae's Book Shoppe.
  1214 | D        | Found Niugosen's Distillery.
  1222 | D        | Bought the +2 ratskin cloak {+Rats rPois rN+ Str-1 Int-1
                  | Dex+1} for 361 gold pieces
  1222 | D        | Found the +2 ratskin cloak {+Rats rPois rN+ Str-1 Int-1
                  | Dex+1}
  1227 | D        | Bought the ring "Taen" {rF+ Str+4 Int+3 Stlth+} for 490
                  | gold pieces
  1233 | D        | Bought a potion of mutation for 112 gold pieces
  1233 | D        | Lost mutation: You are weak. (Str -2) [potion of mutation]
  1233 | D        | Gained mutation: You have large cloven feet. [potion of
                  | mutation]
  1233 | D        | Gained mutation: You are partially covered in thin metallic
                  | scales. (AC +2) [potion of mutation]
  1235 | D        | Gained mutation: You are clumsy. (Dex -2) [mutagenic glow]
  1279 | D        | Gained mutation: Armour fits poorly on your strangely
                  | shaped body. [mutagenic glow]
  1340 | D        | Reached ****** piety under Dithmenos
  1433 | D        | Noticed a great orb of eyes
  1441 | D        | Reached XP level 11. HP: 51/60 MP: 18/28
  1457 | D        | Killed a great orb of eyes
  1492 | D        | Found Sorhalie's Food Emporium.
  1492 | D        | Found Hagaiqan's Magic Scroll Shop.
  1492 | D        | Found Plog's Food Shop.
  1492 | D        | Found Orulur's Gadget Shoppe.
  1492 | D        | Found Yrood's Book Boutique.
  1493 | D        | Found Mipn's Magic Scroll Shoppe.
  1493 | D        | Found Fauseirph's Distillery.
  1493 | D        | Found Ewaok's General Store.
  1493 | D        | Found Cotaubo's Assorted Antiques.
  1493 | D        | Found Xeiso's Antique Armour Emporium.
  1493 | D        | Found Hafyopn's Gadget Shop.
  1493 | D        | Found Poegg's Antique Weapon Shoppe.
  1620 | D        | Noticed a golden dragon
  1620 | D        | Noticed a cacodemon
  1620 | D        | Noticed a storm dragon
  1621 | D        | Noticed a frost giant
  1621 | D        | Noticed a deep elf high priest
  1621 | D        | Noticed a bone dragon
  1622 | D        | Killed a storm dragon
  1622 | D        | Reached skill level 21 in Stealth
  1658 | D        | Gained mutation: Your magical capacity is low. (-10% MP) [a
                  | cacodemon]
  1680 | D        | Noticed a kraken
  1722 | D        | Killed a cacodemon
  1887 | D        | HP: 1/63 [tentacle[a kraken] (26)]
  1888 | D        | Mangled by a golden dragon

Skill      XL: |  1  2  3  4  5  6  7  8  9 10 11 |
---------------+----------------------------------+-----
Fighting       | 2 3 4 6 8 9 |  9.9
Short Blades   | 4 5 6 7 9 12 13 | 13.3
Stealth        | 6 7 10 11 14 15 17 18 20 21 | 21.6
Spellcasting   | 5 7 9 10 12 | 12.3
Hexes          | 6 7 10 11 12 | 12.5
Dodging        | 4 9 13 14 | 14.9

Action                   |  1- 3 |  4- 6 |  7- 9 | 10-12 || total
-------------------------+-------+-------+-------+-------++-------
Melee: Dagger            |    16 |    32 |    61 |    15 ||   124
       Short sword       |       |       |       |    77 ||    77
       Kick              |       |       |       |    21 ||    21
 Cast: Confuse           |       |     5 |    19 |    25 ||    49
       Ensorcelled Hiber |       |     1 |     7 |       ||     8
       Dazzling Spray    |       |       |     6 |    11 ||    17
Invok: Shadow Step       |       |       |       |     1 ||     1
  Use: Potion            |     1 |     1 |     1 |     3 ||     6
       Scroll            |       |       |     1 |       ||     1
 Stab: Sleeping          |       |     1 |     7 |     5 ||    13
       Confused          |       |     3 |    12 |    17 ||    32
       Invisible         |       |       |     2 |     5 ||     7
Armor: Robe              |       |     2 |     1 |     4 ||     7
Dodge: Dodged            |     8 |    15 |    27 |    86 ||   136
